 Dungeon Crawl Stone Soup version 0.29.1-12-g30fa7ad0bf (webtiles) character file.

Game seed: 6633703782649540868

1838 xian the Magician (level 8, 0/54 HPs)
             Began as a Demonspawn Earth Elementalist on Dec 17, 2022.
             Was a Believer of Vehumet.
             Slain by Duvessa
             ... wielding a +0 short sword
              (12 damage)
             ... on level 6 of the Dungeon.
             The game lasted 00:16:44 (7095 turns).

xian the Magician (Demonspawn Earth Elementalist)   Turns: 7095, Time: 00:16:45

Health: 0/54       AC:  7    Str:  9    XL:     8   Next: 87%
Magic:  2/17       EV: 20    Int: 18    God:    Vehumet [**....]
Gold:   158        SH:  0    Dex: 14    Spells: 12/19 levels left

rFire   . . .      SeeInvis .   j - staff of conjuration
rCold   + . .      Faith    .   (no shield)
rNeg    . . .      Spirit   .   t - +0 leather armour
rPois   .          Reflect  .   (no helmet)
rElec   .          Harm     .   i - +0 cloak
rCorr   .          Rampage  .   (no gloves)
Will    .....                   (no boots)
Stlth   ++........              (no amulet)
HPRegen 0.18/turn               d - ring of protection from cold
MPRegen 0.15/turn               k - ring of the Hare {EV+8}

@: no status effects
A: molten scales 2, powered by pain 2
a: Renounce Religion


You were on level 6 of the Dungeon.
You worshipped Vehumet.
Vehumet was pleased with you.
You visited 2 branches of the dungeon, and saw 7 of its levels.

You collected 272 gold pieces.
You spent 114 gold pieces at shops.

Inventory:

Hand Weapons
 y - the +10 short sword of Untimely Demise {vorpal, rElec SInv}
   (You found it on level 5 of the Dungeon)

   It inflicts extra damage upon your enemies.
   rElec:     It insulates you from electricity.
   SInv:      It lets you see invisible.
Missiles
 p - 4 atropa-tipped darts
 v - a boomerang of dispersal
Armour
 i - a +0 cloak (worn)
 t - a +0 leather armour (worn)
Magical Staves
 j - a staff of conjuration (weapon)
Jewellery
 d - a ring of protection from cold (left hand)
 k - the ring of the Hare (right hand) {EV+8}
   (You found it on level 2 of the Dungeon)

   [ring of evasion]

   EV:        It affects your evasion (+8).
Wands
 A - a wand of polymorph (6)
Scrolls
 c - 3 scrolls of magic mapping
 e - 5 scrolls of immolation {unknown}
 f - 2 scrolls of blinking {unknown}
 l - a scroll of summoning
 o - a scroll of fear
 r - a scroll of enchant armour
 u - 2 scrolls of enchant weapon
 w - 2 scrolls of acquirement {unknown}
Potions
 a - a potion of invisibility {unknown}
 b - 2 potions of magic
 g - a potion of cancellation {unknown}
 h - 2 potions of haste {unknown}
 n - a potion of mutation {unknown}
 q - a potion of heal wounds {unknown}
 s - a potion of might {unknown}
 x - 2 potions of resistance {unknown}
 z - a potion of curing {unknown}


   Skills:
 + Level 1.0 Fighting
 + Level 2.0 Short Blades
 * Level 3.9 Armour
 + Level 2.7 Dodging
 + Level 2.5 Stealth
 + Level 6.0 Spellcasting
 * Level 4.3 Conjurations
 + Level 0.9 Transmutations
 + Level 5.9 Earth Magic


You had 12 spell levels left.
You knew the following spells:

 Your Spells              Type           Power      Damage    Failure   Level
a - Sandblast             Erth           52%        2d12      1%          1
b - Passwall              Tmut/Erth      14%        N/A       6%          2
c - Stone Arrow           Conj/Erth      70%        3d11      6%          3
d - Magic Dart            Conj           100%       1d8       2%          1

Your spell library contained the following spells:

 Spells                   Type           Power      Damage    Failure   Level
 Necrotise                Necr           20%        1d5       16%         1
 Petrify                  Tmut/Erth      17%        N/A       36%         4
 Summon Guardian Golem    Hex/Summ       5%         N/A       43%         3
 Vampiric Draining        Necr           5%         2d6       43%         3
 Hailstorm                Conj/Ice       19%        3d6       54%         4
 Ice Form                 Ice/Tmut       7%         N/A       80%         4
 Agony                    Necr           5%         N/A       99%         5
 Simulacrum               Ice/Necr       2%         N/A       100%        6
 Orb of Destruction       Conj           15%        9d7       100%        7
 Spellforged Servitor     Conj/Summ      9%         N/A       100%        7


Dungeon Overview and Level Annotations

Branches:
Dungeon (6/15)             Temple (1/1) D:4

Altars:
Ashenzari
Cheibriados
Dithmenos
Fedhas
Gozag
Hepliaklqana
Kikubaaqudgha
Makhleb
Nemelex Xobeh
Okawaru
Qazlal
Ru
Sif Muna
Trog
Uskayaw
Vehumet
Wu Jian
Xom
Yredelemnul

Shops:
D:4 ?

Annotations:
D:6 Duvessa


Innate Abilities, Weirdness & Mutations

You are mostly covered in molten scales. (AC +3)
You sometimes gain power by taking damage.


Message History

Press: ? - help, Shift-Dir - straight line, f/p - Duvessa
Aim: Duvessa, wielding a +0 short sword, wearing a +3 chain mail of positive energy and carrying a wand of quicksilver (14) (lightly wounded, berserk, 84% to hit)
You feel a surge of power!
The stone arrow hits Duvessa.
Duvessa is lightly wounded.
Duvessa completely misses you. Duvessa hits you with a +0 short sword.
Casting: Stone Arrow (dangerous; 6% risk of failure)
Confirm with . or Enter, or press ? or * to list all spells.
Aiming: Stone Arrow (dangerous; 6% risk of failure)
Press: ? - help, Shift-Dir - straight line, f/p - Duvessa
Aim: Duvessa, wielding a +0 short sword, wearing a +3 chain mail of positive energy and carrying a wand of quicksilver (14) (lightly wounded, berserk, 84% to hit)
You feel a surge of power!
The stone arrow hits Duvessa!
Duvessa is moderately wounded.
Duvessa barely misses you.
Casting: Stone Arrow (dangerous; 6% risk of failure)
Confirm with . or Enter, or press ? or * to list all spells.
Aiming: Stone Arrow (dangerous; 6% risk of failure)
Press: ? - help, Shift-Dir - straight line, f/p - Duvessa
Aim: Duvessa, wielding a +0 short sword, wearing a +3 chain mail of positive energy and carrying a wand of quicksilver (14) (moderately wounded, berserk, 84% to hit)
You feel a surge of power!
The stone arrow hits Duvessa!
Duvessa is severely wounded.
Duvessa hits you with a +0 short sword!
* * * LOW HITPOINT WARNING * * *
Duvessa closely misses you.
Casting: Stone Arrow (dangerous; 6% risk of failure)
Confirm with . or Enter, or press ? or * to list all spells.
Aiming: Stone Arrow (dangerous; 6% risk of failure)
Press: ? - help, Shift-Dir - straight line, f/p - Duvessa
Aim: Duvessa, wielding a +0 short sword, wearing a +3 chain mail of positive energy and carrying a wand of quicksilver (14) (severely wounded, berserk, 84% to hit)
You feel a surge of power!
The stone arrow hits Duvessa.
Duvessa is severely wounded.
Duvessa misses you.
Casting: Stone Arrow (dangerous; 6% risk of failure)
Confirm with . or Enter, or press ? or * to list all spells.
Aiming: Stone Arrow (dangerous; 6% risk of failure)
Press: ? - help, Shift-Dir - straight line, f/p - Duvessa
Aim: Duvessa, wielding a +0 short sword, wearing a +3 chain mail of positive energy and carrying a wand of quicksilver (14) (severely wounded, berserk, 84% to hit)
You feel a surge of power!
The stone arrow hits Duvessa!
Duvessa is almost dead.
Duvessa hits you with a +0 short sword!
You die...

#....... ...#.# #.#
#.....#####....# #.#
#####..o.o.........## #.#
........o...........# #.#
######.)e#####..)..# #.##
####.## #...# #########..<
#....# ##o## #..........#
#.#### #e# #.########.# #.#
#@# #.# ##.# #.# #.# #.# ##...
#.# #.# #.# ##.#.#
####.######## #.# #.# ###.##.#
............## #.#####.#
#.......
.###.###.....###....##.#
#.#.##.# .#
#.##.......#####.##.# #.##.#.#
.# #..........))).#.##.#
#.###... .#
####.......###)#.##.###.####.#


You could see Duvessa (berserk) and an orc.

Vanquished Creatures
  A vampire (D:6)
  2 orc warriors (D:6)
  An ice beast (D:5)
  2 black bears (D:6)
  A centaur (D:6)
  4 phantoms (D:5)
  A kobold brigand (D:6)
  2 scorpions (D:5)
  4 wights (D:6)
  Dowan (D:6)
  A jelly (D:5)
  5 orc priests
  2 iguanas
  2 orc wizards
  6 adders
  A white imp (D:6)
  An ufetubus (D:5)
  2 worms
  4 dart slugs
  21 orcs
  4 bats
  6 endoplasms
  2 giant cockroaches (D:2)
  4 goblins
  6 hobgoblins
  3 jackals (D:3)
  A quokka (D:4)
  3 ball pythons
  2 frilled lizards
  14 kobolds
  4 rats
113 creatures vanquished.

Vanquished Creatures (others)
  2 plants (D:1)
2 creatures vanquished.

Grand Total: 115 creatures vanquished

Notes
Turn   | Place    | Note
-------+----------+-------------------------------------------
     0 | D:1      | xian the Demonspawn Earth Elementalist began the quest for
                  | the Orb.
     0 | D:1      | Reached XP level 1. HP: 13/13 MP: 3/3
   221 | D:1      | Gained mutation: You sometimes gain a little power by
                  | taking damage. [demonic ancestry]
   221 | D:1      | Reached XP level 2. HP: 4/19 MP: 3/5
   781 | D:1      | Learned a level 2 spell: Passwall
   891 | D:1      | Found a faded altar of an unknown god.
  1328 | D:2      | Found the ring of the Hare {EV+8}
  1398 | D:2      | Reached XP level 3. HP: 23/24 MP: 2/6
  1432 | D:2      | Learned a level 3 spell: Stone Arrow
  2637 | D:3      | Reached skill level 3 in Spellcasting
  2637 | D:3      | Gained mutation: You are partially covered in molten
                  | scales. (AC +2) [demonic ancestry]
  2637 | D:3      | Reached XP level 4. HP: 15/30 MP: 2/8
  3777 | D:4      | Found a staircase to the Ecumenical Temple.
  3785 | Temple   | Entered the Ecumenical Temple
  3841 | Temple   | Became a worshipper of Vehumet
  4067 | D:4      | Reached skill level 1 in Conjurations
  4067 | D:4      | Gained mutation: You sometimes gain power by taking damage.
                  | [demonic ancestry]
  4067 | D:4      | Reached XP level 5. HP: 17/35 MP: 7/10
  4245 | D:4      | Reached skill level 1 in Armour
  4303 | D:4      | Found Diagomp's Magic Scroll Boutique.
  4331 | D:4      | Bought a scroll of identify for 24 gold pieces
  4335 | D:4      | Bought a scroll of magic mapping for 90 gold pieces
  4481 | D:5      | Entered Level 5 of the Dungeon
  4520 | D:5      | Noticed an ice beast
  4556 | D:5      | Killed an ice beast
  4557 | D:5      | Reached XP level 6. HP: 36/41 MP: 0/11
  4741 | D:5      | Reached skill level 4 in Spellcasting
  4912 | D:5      | Found an iron altar of Okawaru.
  4920 | D:5      | Reached XP level 7. HP: 28/46 MP: 2/13
  5194 | D:5      | Identified the +10 short sword of Untimely Demise {vorpal,
                  | rElec SInv}
  5298 | D:5      | Reached * piety under Vehumet
  5298 | D:5      | Offered knowledge of Magic Dart by Vehumet.
  5572 | D:5      | Reached skill level 5 in Spellcasting
  5572 | D:5      | Reached skill level 5 in Earth Magic
  5896 | D:6      | Gained mutation: You are mostly covered in molten scales.
                  | (AC +3) [demonic ancestry]
  5896 | D:6      | Reached XP level 8. HP: 52/52 MP: 2/15
  6040 | D:6      | Reached skill level 1 in Short Blades
  6761 | D:6      | Noticed Dowan
  6763 | D:6      | Noticed Duvessa
  6769 | D:6      | Reached ** piety under Vehumet
  6770 | D:6      | Reached skill level 6 in Spellcasting
  6962 | D:6      | Reached skill level 1 in Fighting
  7078 | D:6      | Learned a level 1 spell: Magic Dart
  7081 | D:6      | Killed Dowan
  7095 | D:6      | Slain by Duvessa

Illustrated notes

Levels and vault maps discovered:
D:1:      mrwooster_arrival_arrow, layout_loops_ring,
          shapermc_ecumenical_altar_petra, chequers_serial_rivers_micro_d,
          chequers_big_river
D:2:      layout_basic, lemuel_flame_loot_1
D:3:      layout_basic
D:4:      layout_basic, temple_green, serial_shops, kennysheep_little_box,
          serial_glass, glass_columns_a, glass_columns_c, glass_columns_a
D:5:      layout_basic, okawaru_ov_weapons_minmay, kennysheep_generic_room_6
D:6:      layout_loops_ring, uniq_duvessa
Temple:   kilobyte_greek_temple

Skill      XL: |  1  2  3  4  5  6  7  8 |
---------------+-------------------------+-----
Earth Magic    | 3 4 5 |  5.9
Spellcasting   | 3 4 5 6 |  6.0
Stealth        | 2 |  2.5
Conjurations   | 1 2 3 4 |  4.3
Armour         | 1 2 3 |  3.9
Dodging        | 2 |  2.7
Short Blades   | 2 |  2.0
Fighting       | 1 |  1.0
Transmutations | |  0.9

Action                   |  1- 3 |  4- 6 |  7- 9 || total
-------------------------+-------+-------+-------++-------
Melee: Dagger            |    18 |       |       ||    18
       Short sword       |       |    16 |    61 ||    77
       Staff             |       |       |     4 ||     4
 Cast: Sandblast         |    58 |    64 |    29 ||   151
       Passwall          |     5 |       |       ||     5
       Stone Arrow       |       |     4 |    37 ||    41
       Magic Dart        |       |       |     5 ||     5
  Use: Scroll            |       |     4 |     2 ||     6
Armor: Robe              |     5 |       |       ||     5
       Leather armour    |       |    10 |     8 ||    18
Dodge: Dodged            |    39 |    59 |    72 ||   170
